 Dungeon Crawl Stone Soup version 0.28-a0-1624-g820543e53a (webtiles) character file.

Game seed: 7803953728746490647

2629 bande the Cleaver (level 9, -1/55 HPs)
             Began as a Gargoyle Fighter on Jan 23, 2022.
             Was a Believer of Okawaru.
             Slain by an orc warrior (4 damage)
             ... while paralysed by an orc sorcerer
             ... in a bailey.
             The game lasted 00:19:32 (12043 turns).

bande the Cleaver (Gargoyle Fighter)               Turns: 12043, Time: 00:19:33

Health: -1/55      AC: 23    Str: 19    XL:     9   Next: 61%
Magic:  7/11       EV:  2    Int: 10    God:    Okawaru [**....]
Gold:   1061       SH:  0    Dex: 13    Spells: 8/8 levels left

rFire   + . .      SeeInvis +   a - +0 war axe (vamp)
rCold   . . .      Faith    +   c - +0 buckler
rNeg    + . .      Spirit   .   x - +0 plate armour
rPois   ∞          Reflect  .   (no helmet)
rElec   +          Harm     .   (no cloak)
rCorr   .          Rampage  .   (no gloves)
Will    .....                   (no boots)
Stlth   ..........              l - amulet of faith
HPRegen 0.18/turn               k - ring of see invisible
MPRegen 0.12/turn               j - +4 ring of protection

@: paralysed, spiked, studying Axes
A: sickness immunity, AC +6, negative energy resistance 1, electricity
resistance, torment resistance 1, petrification resistance, talons 1, fire
resistance 1
a: Renounce Religion, Heroism


You were in a bailey.
You worshipped Okawaru.
Okawaru was pleased with you.
You visited 2 branches of the dungeon, and saw 8 of its levels.
You also visited: Bailey.

You collected 1336 gold pieces.
You spent 275 gold pieces at shops.

Inventory:

Hand Weapons
 a - a +0 vampiric war axe (weapon)
 h - a +0 flail
 w - a +0 war axe
 y - a +0 broad axe
Missiles
 m - a throwing net (quivered)
Armour
 c - a +0 buckler (worn)
 p - the +0 chain mail "Qixaiw" {rF+ rN+++ MP-9}
   (You bought it in a shop on level 5 of the Dungeon)

   rF:        It protects you from fire.
   rN:        It renders you almost immune to negative energy.
   MP:        It affects your magic capacity (-9).
 x - a +0 plate armour (worn)
Jewellery
 g - a ring of positive energy
 i - a ring of protection from cold
 j - a +4 ring of protection (right hand)
 k - a ring of see invisible (left hand)
 l - an amulet of faith (around neck)
 n - a ring of ice
Wands
 q - a wand of digging (9)
 t - a wand of iceblast (14)
Scrolls
 r - a scroll of teleportation
Potions
 b - 3 potions of curing
 d - a potion of might
 e - 2 potions of flight
 f - a potion of resistance
 s - a potion of haste {unknown}
 u - 2 potions of berserk rage
 v - a potion of cancellation {unknown}


   Skills:
 + Level 6.2 Fighting
 + Level 8.2 Axes
 + Level 7.5 Armour
 + Level 4.9 Shields
 * Level 2.9 Invocations
 * Level 2.6 Evocations


You had 8 spell levels left.
You didn't know any spells.
Your spell library contained the following spells:

 Spells                   Type           Power      Damage    Failure   Level
 Shock                    Conj/Air       0%         1d3       100%        1
 Slow                     Hex            0%         N/A       100%        1
 Confusing Touch          Hex            0%         N/A       100%        3
 Swiftness                Air            0%         N/A       100%        3
 Vampiric Draining        Necr           0%         2d6       100%        3
 Airstrike                Air            0%         N/A       100%        4
 Passage of Golubria      Tloc           0%         N/A       100%        4
 Yara's Violent Unravell  Hex/Tmut       0%         3d3       100%        5
 Tukima's Dance           Hex            Unusable   N/A       N/A         3

Dungeon Overview and Level Annotations

Branches:
Dungeon (7/15)             Temple (1/1) D:7          Bailey (1/1)

Altars:
Ashenzari
Cheibriados
Dithmenos
Elyvilon
Fedhas
Kikubaaqudgha
Makhleb
Nemelex Xobeh
Okawaru
Qazlal
Ru
Sif Muna
Trog
Uskayaw
Vehumet
Wu Jian
Xom
Yredelemnul
Zin
The Shining One

Shops:
D:5 *=?*


Innate Abilities, Weirdness & Mutations

You are immune to sickness and miasma.
Your stone body is resilient. (AC +6)
You are immune to poison.
You resist negative energy. (rN+)
You are resistant to electric shocks. (rElec)
You are resistant to unholy torment.
You are immune to petrification.
You have sharp toenails.
Your flesh is heat resistant. (rF+)


Message History

The orc warrior hits you with a +0 war axe!
The orc warrior hits you but does no damage.
You closely miss the orc warrior.
The orc warrior is moderately wounded.
You barely miss the orc warrior.
The orc warrior hits you with a +0 war axe!
You closely miss the orc sorcerer. You closely miss the orc warrior.
You hit the orc warrior.
You feel better. You block the orc warrior's attack.
The orc sorcerer wildly gestures.
You feel troubled.
The orc sorcerer hits you but does no damage.
The orc warrior hits you but does no damage.
You hit the orc warrior. You claw the orc warrior.
The orc warrior is moderately wounded.
You hit the orc sorcerer. You slash the orc warrior!
You feel better.
The orc warrior hits you but does no damage.
The orc sorcerer barely misses you. You block the orc warrior's attack.
The red devil hits you from afar with a +0 antimagic demon trident.
Barbed spikes become lodged in your body.
You feel your power leaking away. You block the orc warrior's attack.
You closely miss the orc sorcerer.
The orc sorcerer is lightly wounded.
You hit the orc warrior but do no damage.
You slash the orc warrior! The orc sorcerer casts a spell at you.
You suddenly lose the ability to move!
The orc warrior hits you with a +0 broad axe!
The red devil hits you from afar with a +0 antimagic demon trident.
* * * LOW HITPOINT WARNING * * *
Barbed spikes become lodged in your body.
You feel your power leaking away.
The orc warrior hits you but does no damage.
The orc warrior hits you from afar with the +8 glaive of the Guard {elec, spectral, AC+5}!
* * * LOW HITPOINT WARNING * * *
The orc sorcerer hits you with a +0 war axe.
* * * LOW HITPOINT WARNING * * *
The red devil hits you but does no damage.
The orc warrior hits you with a +0 broad axe.
You die...

≈≈≈≈≈ ≈≈≈≈≈≈≈≈≈≈≈≈≈≈≈≈≈≈≈ ≈≈≈≈≈
≈≈≈≈≈######≈≈≈≈≈≈≈≈≈≈≈######≈≈≈≈≈
≈≈≈≈≈#.'........∩........'.#≈≈≈≈≈
≈≈≈≈≈###..######.######..###≈≈≈≈≈
≈≈≈≈≈#....#)).#...#.[[#....#≈≈≈≈≈
≈≈≈≈≈#....#)).#...#.[[#....#≈≈≈≈≈
≈≈≈≈≈#'#'##'###8.8###'##'#'#≈≈≈≈≈
≈≈≈≈≈≈.#..#. #...# .#..#.≈≈≈≈≈≈
≈≈≈≈≈≈.#..## #8@8# ##..#.≈≈≈≈≈≈
≈≈≈≈≈≈.#..#


#ooo# #..#.≈≈≈≈≈≈ ≈≈≈≈≈≈.#..# #4oo# #..#.≈≈≈≈≈≈ ≈≈≈≈≈≈.#..# ##o## #..#.≈≈≈≈≈≈
≈≈≈≈≈≈.##'# ... #'##.≈≈≈≈≈≈ ≈≈≈≈≈≈.#..# ._. #.)#.≈≈≈≈≈≈ ≈≈≈≈≈≈.#.8# ...
#8.#.≈≈≈≈≈≈ ≈≈≈≈≈≈.#..# ..... #.)#.≈≈≈≈≈≈ ≈≈≈≈≈≈.#.8#### ####8.#.≈≈≈≈≈≈ You
could see an orc sorcerer, a red devil (summoned), 4 orc warriors and an orc.

Vanquished Creatures
  A kobold demonologist (Bailey)
  An ice beast (D:5)
  6 orc warriors (Bailey)
  A sky beast (D:6)
  2 ogres (D:6)
  A centaur (D:5)
  2 bullfrogs
  The ghost of grumblor the Ducker, an amateur SpGl (D:4)
  2 gnoll sergeants
  A wyvern zombie (D:6)
  A water moccasin skeleton (D:4)
  A howler monkey (D:5)
  5 electric eels (Bailey)
  A centaur zombie (D:7)
  An orc priest (D:4)
  2 jellies
  2 centaur skeletons
  An iguana (D:6)
  5 orc wizards
  A killer bee zombie (D:4)
  A howler monkey zombie (D:5)
  5 adders
  19 gnolls
  A shadow imp (D:6)
  2 ufetubi
  2 adder skeletons
  3 worms
  17 orcs
  3 ball pythons
  9 bats
  7 endoplasms
  3 giant cockroaches
  10 goblins
  9 hobgoblins
  4 jackals (D:2)
  6 kobolds
  3 quokkas
  4 frilled lizards
  3 rats
149 creatures vanquished.

Vanquished Creatures (others)
  A minotaur (D:1)
  A gargoyle (D:1)
  An elf (D:1)
  3 vine stalkers (D:1)
  3 formicids (D:1)
  A vampire (D:1)
  A human (D:1)
  A naga (D:1)
  An ogre (D:1)
  A mummy (D:1)
  A gnoll (D:1)
  An orc (Bailey)
  5 tentacles (D:1)
21 creatures vanquished.

Grand Total: 170 creatures vanquished

Notes
Turn   | Place    | Note
-------+----------+-------------------------------------------
     0 | D:1      | bande the Gargoyle Fighter began the quest for the Orb.
     0 | D:1      | Reached XP level 1. HP: 14/14 MP: 1/1
     2 | D:1      | Noticed a vine stalker
     2 | D:1      | Noticed a vampire
     2 | D:1      | Noticed a vine stalker
     2 | D:1      | Noticed a vine stalker
     2 | D:1      | Noticed a naga
     2 | D:1      | Noticed a formicid
     2 | D:1      | Noticed a gargoyle
     2 | D:1      | Noticed a human
     2 | D:1      | Noticed a kraken
     2 | D:1      | Noticed a formicid
     2 | D:1      | Noticed a minotaur
     2 | D:1      | Noticed a formicid
     2 | D:1      | Noticed an ogre
     2 | D:1      | Noticed an elf
     4 | D:1      | Killed a vampire
     5 | D:1      | Killed a vine stalker
     5 | D:1      | Killed a human
     5 | D:1      | Killed a vine stalker
     7 | D:1      | Killed a minotaur
     8 | D:1      | Killed a vine stalker
     9 | D:1      | Killed an ogre
    10 | D:1      | Killed a gargoyle
    11 | D:1      | Killed a naga
    13 | D:1      | Killed a formicid
    13 | D:1      | Killed a formicid
    14 | D:1      | Killed a formicid
    14 | D:1      | Killed an elf
   137 | D:1      | Reached XP level 2. HP: 16/19 MP: 2/2
   266 | D:1      | Found a faded altar of an unknown god.
   667 | D:1      | Reached skill level 2 in Axes
  1220 | D:2      | Reached XP level 3. HP: 21/24 MP: 3/3
  1617 | D:2      | Reached XP level 4. HP: 29/29 MP: 4/4
  2317 | D:3      | Found a blossoming altar of Fedhas.
  2334 | D:3      | Reached skill level 3 in Axes
  2622 | D:3      | Reached XP level 5. HP: 33/33 MP: 5/5
  4403 | D:4      | Found a runed translucent gate.
  4414 | D:4      | Found a runed translucent gate.
  4414 | D:4      | Found a runed translucent gate.
  4425 | D:4      | Reached skill level 4 in Axes
  4425 | D:4      | Reached XP level 6. HP: 22/38 MP: 6/6
  4685 | D:4      | You fall into a shaft and drop 2 floors!
  4719 | D:5      | Entered Level 5 of the Dungeon
  5159 | D:4      | Noticed grumblor's ghost (amateur SpGl)
  5181 | D:4      | Killed grumblor's ghost
  5182 | D:4      | Reached XP level 7. HP: 18/44 MP: 7/7
  5186 | D:4      | Reached skill level 5 in Axes
  5206 | D:4      | Gained mutation: You have sharp toenails. [potion of
                  | mutation]
  5206 | D:4      | Gained mutation: Your flesh is heat resistant. (rF+)
                  | [potion of mutation]
  5966 | D:5      | Reached skill level 5 in Armour
  6406 | D:5      | Found Gicoany's Magic Scroll Shoppe.
  6435 | D:5      | Found Haog's General Store.
  7578 | D:5      | Reached skill level 5 in Fighting
  7578 | D:5      | Reached XP level 8. HP: 36/49 MP: 8/8
  7724 | D:5      | Found Ylisunuta's Assorted Antiques.
  7794 | D:5      | Reached skill level 6 in Axes
  7848 | D:5      | Found Perafied's Jewellery Shoppe.
  8012 | D:5      | Bought a masterwork chain mail for 275 gold pieces
  8012 | D:5      | Identified the +0 chain mail "Qixaiw" {rF+ rN+++ MP-9} (You
                  | bought it in a shop on level 5 of the Dungeon)
  8594 | D:6      | Found a radiant altar of Vehumet.
  9608 | D:7      | Reached skill level 7 in Axes
  9608 | D:7      | Reached skill level 1 in Evocations
  9812 | D:7      | Found a staircase to the Ecumenical Temple.
  9827 | Temple   | Entered the Ecumenical Temple
  9913 | Temple   | Became a worshipper of Warmaster Okawaru
 10070 | D:7      | Found a flagged portal.
 10078 | Bailey   | Entered a bailey
 10335 | Bailey   | Reached skill level 1 in Invocations
 10335 | Bailey   | Reached XP level 9. HP: 33/55 MP: 0/9
 10878 | Bailey   | Noticed a kobold demonologist
 10892 | Bailey   | Killed a kobold demonologist
 10892 | Bailey   | Reached * piety under Okawaru
 11256 | Bailey   | Acquired a manual of Axes
 11258 | Bailey   | Acquired 896 gold pieces
 11568 | Bailey   | Reached skill level 8 in Axes
 11907 | Bailey   | Reached ** piety under Okawaru
 12033 | Bailey   | Found an iron altar of Okawaru.
 12034 | Bailey   | Noticed an orc sorcerer
 12038 | Bailey   | Noticed a red devil
 12042 | Bailey   | Paralysed by an orc sorcerer for 6 turns
 12043 | Bailey   | Slain by an orc warrior

Illustrated notes

Levels and vault maps discovered:
D:1:      nicolae_arrival_kraken_aquarium_b, layout_loops_ring,
          nicolae_ecumenical_lake_church
D:2:      layout_rooms, corexii_leaking_fountain
D:3:      layout_loops_cross, fedhas_altar_2
D:4:      layout_loops_corners, gammafunk_ghost_necromancy
D:5:      layout_basic, serial_shops, shop, nicolae_square_shop,
          nicolae_inconvenience_store, nicolae_shop_advertising_works
          [nicolae_subvault_shop_adworks], nrook_uturn, st_stairs_3
D:6:      layout_loops_ring, lemuel_tele_altar
D:7:      layout_loops_cross, beargit_hepliaklqana_dungeon_heroes,
          temple_pool_b, enter_bailey_2
Temple:   mainiacjoe_temple_coin_purse
Bailey:   bailey_axe_of_yendor_kennysheep, bailey

Skill      XL: |  1  2  3  4  5  6  7  8  9 |
---------------+----------------------------+-----
Axes           | 2 3 4 5 7 8 |  8.2
Fighting       | 4 5 6 |  6.2
Armour         | 4 6 7 |  7.5
Shields        | 4 |  4.9
Evocations     | 1 2 |  2.6
Invocations    | 1 2 |  2.9

Action                   |  1- 3 |  4- 6 |  7- 9 || total
-------------------------+-------+-------+-------++-------
Melee: War axe           |   127 |   168 |   318 ||   613
       Kick              |       |       |    87 ||    87
  Use: Scroll            |     2 |     3 |    10 ||    15
       Potion            |       |     1 |     2 ||     3
Armor: Scale mail        |    81 |    59 |       ||   140
       Chain mail        |       |    53 |   157 ||   210
       Plate armour      |       |       |    79 ||    79
Dodge: Dodged            |    60 |    85 |    96 ||   241
Block: Buckler           |    32 |    46 |    78 ||   156

Table legend: (Time is in decaauts)
 A = Elapsed time spent in this place.
 B = Non-inter-level travel time spent in this place.
 C = Inter-level travel time spent in this place.
 D = Time resting spent in this place.
 E = Time spent auto-exploring this place.
 F = Levels seen in this place.
 G = Mean time per level.
                   A        B        C        D        E       F      G
               +--------+--------+--------+--------+--------+-----+--------+
         Total |  12249 |  11862 |    387 |   4883 |   4827 |   9 | 1361.0 |
       Dungeon |  10158 |   9782 |    376 |   3750 |   4535 |   7 | 1451.1 |
        Temple |     98 |     87 |     11 |      0 |     66 |   1 |   98.0 |
        Bailey |   1992 |   1992 |      0 |   1133 |    225 |   1 | 1992.0 |
               +--------+--------+--------+--------+--------+-----+--------+

Top non-repeatable levels by time:
     D:4: 3255 daAuts
  Bailey: 1992 daAuts
     D:2: 1691 daAuts
     D:5: 1630 daAuts
     D:1: 1210 daAuts
     D:6: 1122 daAuts
     D:3: 817 daAuts
     D:7: 430 daAuts
  Temple: 98 daAuts
